 Dungeon Crawl Stone Soup version 0.21.1-1-g345015fe64 (webtiles) character file.

123267 Loge the Severer (level 16, -12/155 HPs)
             Began as a Minotaur Berserker on July 12, 2018.
             Was the Champion of Trog.
             Killed from afar by Mara (illusionary) (32 damage)
             ... with a bolt of fire
             ... on level 3 of the Spider Nest.
             The game lasted 01:30:36 (32780 turns).

Loge the Severer (Minotaur Berserker)              Turns: 32780, Time: 01:30:37

Health: -12/155    AC: 19    Str: 24    XL:     16   Next: 36%
Magic:  15/15      EV: 12    Int:  4    God:    Trog [******]
Gold:   1966       SH: 20    Dex: 24    Spells: 15/15 levels left

rFire    . . .     SeeInvis .   a - +5 broad axe (freeze)
rCold    . . .     Gourm    .   z - +2 large shield
rNeg     . . .     Faith    .   P - +0 plate armour
rPois    +         Spirit   .   (helmet restricted)
rElec    .         Reflect  .   O - +0 cloak
rCorr    .         Harm     .   J - +0 pair of gloves {Dex+3}
MR       +++..                  H - +0 pair of boots
Stlth    ..........             (no amulet)
HPRegen  1.35/turn              k - +6 ring of dexterity
MPRegen  0.14/turn              p - ring of poison resistance

@: lethally poisoned (-12 -> -13), berserk cooldown, regenerating, slowed,
heavily drained, very slow
A: retaliatory headbutt, horns 2
a: Berserk, Trog's Hand, Brothers in Arms, Burn Spellbooks, Renounce Religion


You were on level 3 of the Spider Nest.
You worshipped Trog.
Trog was exalted by your worship.
You were hungry.

You visited 4 branches of the dungeon, and saw 26 of its levels.
You also visited: Labyrinth and Sewer.

You collected 2096 gold pieces.
You spent 130 gold pieces at shops.

Inventory:

Hand Weapons
 a - a +5 broad axe of freezing (weapon)
 m - a +0 blowgun
 R - a +7 fustibalus of flaming
 S - a +8 antimagic war axe
Missiles
 o - 192 poisoned needles
 x - 3 javelins of returning (quivered)
 A - 8 tomahawks
 L - 3 throwing nets
 W - 9 javelins
 Y - 132 sling bullets
Armour
 z - a +2 large shield (worn)
 H - a +0 pair of boots (worn)
 J - a +0 pair of gloves of dexterity (worn)
 O - a +0 cloak (worn)
 P - a +0 plate armour (worn)
Jewellery
 b - an uncursed ring of protection from cold
 i - an uncursed ring of resist corrosion
 k - a +6 ring of dexterity (left hand)
 p - a ring of poison resistance (right hand)
 K - the ring "Wiudor" {Ice +Blink rPois Str+8 Dex-4}
   (You acquired it on level 6 of the Lair of Beasts)

   [ring of ice]

   It enhances your ice magic.
   It affects your strength (+8).
   It affects your dexterity (-4).
   It makes you vulnerable to fire.
   It protects you from cold.
   It protects you from poison.
   It lets you blink.
 T - an uncursed ring of protection from fire
Wands
 d - a wand of flame (25)
 C - a wand of paralysis (15)
 G - a wand of disintegration (9)
 N - a wand of scattershot (7)
 Q - a wand of enslavement (13)
 V - a wand of digging (10)
 X - a wand of acid (19)
Scrolls
 e - 8 scrolls of remove curse
 h - 8 scrolls of blinking
 q - 3 scrolls of identify
 r - 5 scrolls of fog
 t - 5 scrolls of enchant armour
 w - 5 scrolls of teleportation
 y - 4 scrolls of magic mapping
 B - 3 scrolls of summoning
 D - 6 scrolls of enchant weapon
 I - 2 scrolls of brand weapon
 Z - 6 scrolls of fear
Potions
 f - 3 potions of might
 g - 6 potions of mutation
 j - 8 potions of curing
 l - 2 potions of ambrosia
 n - 5 potions of agility
 s - 7 potions of heal wounds
 u - 4 potions of flight
 v - 5 potions of invisibility
 E - 4 potions of haste
 F - a potion of brilliance
 M - 2 potions of lignification
Comestibles
 c - 45 rations
 U - 5 chunks of flesh


   Skills:
 * Level 17.2(13.7) Fighting
 - Level 18.0(14.4) Axes
 + Level 15.1(11.7) Armour
 + Level 14.0(10.7) Dodging
 + Level 11.7(8.5) Shields


You had 15 spell levels left.
You didn't know any spells.

Dungeon Overview and Level Annotations

Branches:
Dungeon (15/15)            Temple (0/1) D:6            Lair (6/6) D:8
  Swamp (0/4) Lair:2       Spider (3/4) Lair:4        Slime (0/5) Lair:5
    Orc (2/2) D:12            Elf (0/3) Orc:2        Vaults (0/5) D:14
 Depths (0/5) D:15

Altars:
Ashenzari
Elyvilon
Fedhas
Hepliaklqana
Makhleb
Nemelex Xobeh
Okawaru
Ru
Sif Muna
Xom
Yredelemnul
Zin

Shops:
D:15 *   Orc:2 %(!!

Portals:
Trove: D:15 (give 16 scrolls of teleportation)

Annotations:
Lair:3 exclusion: 3 oklob plants
Spider:3 Mara


Innate Abilities, Weirdness & Mutations

You reflexively headbutt those who attack you in melee.
You have a pair of horns on your head.


Message History

You closely miss Mara.
Mara is almost dead.
You slice the jumping spider!! You freeze the jumping spider.
You slash Loge's illusion! You freeze Loge's illusion.
You feel sick.
You block the jumping spider's attack. x2; You block Loge's illusion's attack.
You slash Mara! You freeze Mara.
Mara is almost dead.
You slash the jumping spider! You freeze the jumping spider.
You kill the jumping spider!
Trog accepts your kill.
You hit Loge's illusion. You freeze Loge's illusion.
You are no longer berserk.
You are exhausted.
You feel yourself slow down.
You feel sick. You block Mara's attack.
Mara blinks!
Loge's illusion hits you but does no damage.
You feel much better.
You feel sick. Mara gestures at you. The bolt of fire hits you!
You die...

####.†^.#..##^...##
#.....##........#
##.##..#....#####
###...#...##
##§.###..#
#../R..>##
###..R.## #^.@R##
####@†#
...........#
...##...#).[.%.
##..###..## ...#
.... #. ##s...##
#.. #. .. #.# #.
##.... ## #^.#^


You could see 3 Maras and Loge's illusion.

Vanquished Creatures
  Louise (Spider:1)
  4 entropy weavers
  Snorg (D:11)
  A minotaur (Lab)
  Harold (D:12)
  4 catoblepae
  4 centaur warriors
  5 hydras
  4 two-headed ogres
  9 death yaks (Lair:6)
  A skeletal warrior (D:15)
  6 slime creatures
  2 unseen horrors
  A wizard (D:14)
  3 orc knights
  A phantasmal warrior (D:15)
  A necromancer (D:14)
  A wolf spider zombie (D:15)
  19 wolf spiders
  18 ugly things
  7 deep elf magi
  11 orb spiders
  An oklob plant (Lair:6)
  2 moths of wrath (Spider:2)
  4 black mambas
  2 cyclopes
  2 orc sorcerers (Orc:2)
  5 manticores
  A centaur zombie (D:13)
  13 elephants
  2 gargoyles
  7 komodo dragons
  8 spiny frogs
  4 rime drakes
  A rime drake (shapeshifter) (D:15)
  8 demonic crawlers
  A freezing wraith (D:15)
  A kobold demonologist (D:14)
  5 trolls
  33 jumping spiders
  A polar bear (shapeshifter) (D:14)
  2 polar bears
  A harpy skeleton (D:14)
  A jumping spider (shapeshifter) (D:14)
  5 hornets
  2 dream sheep (D:9)
  6 blink frogs
  A slime creature (shapeshifter) (D:15)
  12 hippogriffs
  A meliai zombie (D:14)
  Sigmund (D:2)
  2 shadows
  4 wraiths
  2 vampires (D:13)
  2 wyverns
  47 redbacks
  3 spriggans (Lair:5)
  A fire elemental (D:14)
  The ghost of dingdong the Chopper, an amateur HOMo (D:3)
  12 tarantellas
  28 yaks
  Grum (D:8)
  5 hungry ghosts
  8 vampire mosquitoes
  Menkaure (D:7)
  A warg (shapeshifter) (D:15)
  3 wargs
  2 soldier ants (D:11)
  18 water moccasins
  A floating eye (shapeshifter) (D:12)
  11 porcupines
  An ice beast (D:6)
  34 orc warriors
  A necrophage (D:9)
  A phantom (D:9)
  14 wolves
  5 boggarts (D:15)
  28 centaurs
  11 ogres
  16 crocodiles
  7 big kobolds
  18 bullfrogs
  2 wyvern zombies
  A wyvern skeleton (D:14)
  4 scorpions
  3 killer bees (D:10)
  27 wights
  A spriggan skeleton (Lab)
  2 howler monkeys (D:11)
  An electric eel (Spider:2)
  4 crimson imps
  2 quasits
  3 bullfrog zombies
  3 jellies
  3 bullfrog skeletons
  17 orc priests
  8 hounds
  31 orc wizards
  7 centaur skeletons
  2 gnoll shamans
  4 iguanas
  3 worker ants
  7 hell rats (Lair:6)
  2 ogre skeletons (Lab)
  A hound skeleton (D:5)
  A worker ant zombie (D:10)
  A howler monkey zombie (D:10)
  13 gnolls
  9 adders
  3 shadow imps
  5 oozes
  An adder skeleton (D:5)
  An adder zombie (D:7)
  A worm (Sewer)
  2 dart slugs (D:1)
  6 leopard geckos
  85 orcs
  6 ball pythons
  12 bats
  2 giant cockroaches
  8 goblins
  5 hobgoblins
  11 jackals
  25 kobolds
  6 quokkas
  3 frilled lizards
  A giant cockroach zombie (D:6)
  A leopard gecko skeleton (D:4)
  7 rats
  4 fungi
  4 plants
888 creatures vanquished.

Vanquished Creatures (collateral kills)
  A death knight (D:15)
  Urug (Lair:2)
  3 deep elf magi (Orc:1)
  A freezing wraith (D:15)
  A wraith (D:15)
  A yak (Lair:1)
  An ogre (Orc:1)
  An orc priest (Orc:1)
  2 orcs (Orc:1)
12 creatures vanquished.

Vanquished Creatures (others)
  2 fungi (Lair:4)
  11 plants
13 creatures vanquished.

Grand Total: 913 creatures vanquished

Notes
Turn   | Place    | Note
-------+----------+-------------------------------------------
     0 | D:1      | Loge the Minotaur Berserker began the quest for the Orb.
     0 | D:1      | Reached XP level 1. HP: 19/19 MP: 0/0
   133 | D:1      | Reached skill level 4 in Axes
   133 | D:1      | Reached XP level 2. HP: 26/27 MP: 1/1
   895 | D:2      | Noticed Sigmund
   895 | D:2      | Reached XP level 3. HP: 32/33 MP: 2/2
   899 | D:2      | Killed Sigmund
   899 | D:2      | Reached skill level 5 in Axes
   899 | D:2      | Reached XP level 4. HP: 41/41 MP: 3/3
   899 | D:2      | Reached XP level 5. HP: 47/47 MP: 4/4
  1158 | D:2      | Found a deep blue altar of Sif Muna.
  1308 | D:2      | Reached ** piety under Trog
  1734 | D:3      | Found a glowing drain.
  1744 | Sewer    | Entered a sewer
  1750 | Sewer    | Reached XP level 6. HP: 51/55 MP: 5/5
  2181 | D:3      | Reached skill level 6 in Axes
  2188 | D:3      | Reached skill level 5 in Fighting
  2268 | D:3      | Reached *** piety under Trog
  2483 | D:3      | Found a blossoming altar of Fedhas.
  2488 | D:3      | Noticed dingdong's ghost (amateur HOMo)
  2500 | D:3      | Killed dingdong's ghost
  2500 | D:3      | Reached XP level 7. HP: 61/61 MP: 6/6
  2715 | D:4      | Found a burning altar of Makhleb.
  2836 | D:4      | Reached skill level 7 in Axes
  2986 | D:4      | Reached skill level 5 in Armour
  3112 | D:4      | Found an iron altar of Okawaru.
  3114 | D:4      | Found a basalt altar of Yredelemnul.
  3115 | D:4      | Found a glowing silver altar of Zin.
  3256 | D:4      | Found a sacrificial altar of Ru.
  3257 | D:4      | Found a shattered altar of Ashenzari.
  3325 | D:4      | Reached **** piety under Trog
  4061 | D:5      | Entered Level 5 of the Dungeon
  4140 | D:5      | Found a hazy altar of Hepliaklqana.
  4212 | D:5      | Noticed a two-headed ogre
  4219 | D:5      | Killed a two-headed ogre
  4219 | D:5      | Reached skill level 9 in Axes
  4219 | D:5      | Reached skill level 5 in Dodging
  4219 | D:5      | Reached XP level 8. HP: 58/71 MP: 7/7
  4631 | D:5      | Found a white marble altar of Elyvilon.
  4631 | D:5      | Found a shimmering altar of Xom.
  4936 | D:6      | Reached XP level 9. HP: 34/79 MP: 8/8
  5214 | D:6      | Found a sparkling altar of Nemelex Xobeh.
  5626 | D:6      | Reached skill level 10 in Axes
  5629 | D:6      | Reached ***** piety under Trog
  5817 | D:6      | Found a staircase to the Ecumenical Temple.
  6091 | D:6      | Found a sacrificial altar of Ru.
  6215 | D:6      | Received a gift from Trog
  6353 | D:7      | Noticed Menkaure
  6366 | D:7      | Killed Menkaure
  6554 | D:7      | Noticed a brown ugly thing
  6567 | D:7      | HP: 3/81 [acid (5)]
  6874 | D:7      | Killed a brown ugly thing
  6874 | D:7      | Reached skill level 11 in Axes
  7061 | D:7      | Reached XP level 10. HP: 84/90 MP: 9/9
  7308 | D:7      | Got an ivory hand axe
  7559 | D:8      | Noticed Grum
  7902 | D:8      | Killed Grum
  8428 | D:7      | Identified the cursed +0 hand axe of the Salmon {speed, Str+3 Int+2 Stlth+} (You found it on level 7 of the Dungeon)
  8462 | D:8      | Found a staircase to the Lair.
  8644 | D:8      | Reached skill level 12 in Axes
  8869 | D:9      | Received a gift from Trog
  9341 | D:9      | Noticed a two-headed hydra
  9350 | D:9      | Killed a nine-headed hydra
  9350 | D:9      | Reached skill level 13 in Axes
  9350 | D:9      | Reached XP level 11. HP: 48/98 MP: 10/10
  9652 | D:9      | You fall through a shaft for 2 floors!
  9674 | D:10     | Entered Level 10 of the Dungeon
  9749 | D:9      | Reached skill level 10 in Fighting
 11160 | D:10     | Reached skill level 10 in Armour
 11394 | D:10     | Killed an unseen horror
 11604 | Lair:1   | Entered Level 1 of the Lair of Beasts
 11733 | Lair:1   | Noticed a four-headed hydra
 11754 | Lair:1   | Killed a seven-headed hydra
 11754 | Lair:1   | Reached skill level 14 in Axes
 13147 | Lair:2   | Reached XP level 12. HP: 21/110 MP: 11/11
 13828 | Lair:2   | Found a staircase to the Swamp.
 13839 | Lair:2   | Reached skill level 10 in Dodging
 13897 | Lair:2   | Received a gift from Trog
 13936 | Lair:2   | Noticed Urug
 13946 | Lair:2   | Killed Urug
 13946 | Lair:2   | Reached skill level 1 in Shields
 14322 | Lair:3   | Noticed a catoblepas
 14332 | Lair:3   | Killed a catoblepas
 14543 | Lair:3   | Reached skill level 15 in Axes
 15457 | Lair:4   | Found a frozen archway.
 15457 | Lair:4   | Found a labyrinth entrance.
 15616 | Lab      | Entered a labyrinth
 15862 | Lab      | Noticed a minotaur
 15878 | Lab      | Killed a minotaur
 15913 | Lab      | Identified the Compendium of Displacement
 15917 | Lab      | Identified the Compendium of Confrontation
 16071 | Lair:4   | Noticed a six-headed hydra
 16413 | Lair:4   | Killed a ten-headed hydra
 16806 | Lair:4   | Received a gift from Trog
 16946 | Lair:4   | Found a hole to the Spider Nest.
 16949 | Lair:4   | Reached XP level 13. HP: 51/118 MP: 12/12
 16950 | Lair:4   | Reached skill level 16 in Axes
 16964 | Lair:4   | Reached skill level 5 in Shields
 18389 | Lair:5   | Found a staircase to the Slime Pits.
 18650 | Lair:6   | Entered Level 6 of the Lair of Beasts
 18905 | Lair:6   | Received a gift from Trog
 19370 | Lair:6   | Reached skill level 17 in Axes
 19614 | Lair:6   | Identified a scroll of acquirement
 19615 | Lair:6   | Got a pitted iron ring
 19617 | Lair:6   | Identified the ring "Wiudor" {Ice +Blink rPois Str+8 Dex-4} (You acquired it on level 6 of the Lair of Beasts)
 19794 | Lair:6   | Reached XP level 14. HP: 129/129 MP: 13/13
 21120 | D:11     | Noticed Snorg
 21139 | D:11     | Killed Snorg
 21644 | D:12     | Found a staircase to the Orcish Mines.
 21780 | D:12     | Found a burning altar of Makhleb.
 22056 | D:12     | Noticed Harold
 22067 | D:12     | Killed Harold
 22351 | Orc:1    | Entered Level 1 of the Orcish Mines
 22475 | Orc:1    | Received a gift from Trog
 23553 | Orc:2    | Entered Level 2 of the Orcish Mines
 24225 | Orc:1    | Received a gift from Trog
 24634 | Orc:2    | Found a staircase to the Elven Halls.
 24838 | Orc:2    | Found Geehiz's Distillery.
 24838 | Orc:2    | Found Ficvyvezorgh's Weapon Shoppe.
 24840 | Orc:2    | Found Kocitenn's Food Emporium.
 24842 | Orc:2    | Found Finuadah's Distillery.
 24854 | Orc:2    | Bought a potion of heal wounds for 65 gold pieces
 24854 | Orc:2    | Bought a potion of heal wounds for 65 gold pieces
 25481 | D:13     | Received a gift from Trog
 25569 | D:13     | Reached ****** piety under Trog
 25689 | D:13     | Reached skill level 18 in Axes
 26156 | D:14     | Reached XP level 15. HP: 111/139 MP: 14/14
 26335 | D:14     | Found a gate to the Vaults.
 26841 | D:15     | Entered Level 15 of the Dungeon
 26865 | D:15     | Reached skill level 15 in Fighting
 26967 | D:15     | Found a portal to a secret trove of treasure.
 27352 | D:15     | Reached skill level 10 in Shields
 27477 | D:15     | Found a staircase to the Depths.
 27521 | D:15     | Received a gift from Trog
 28075 | D:15     | Found Wikh's Assorted Antiques.
 28616 | Spider:1 | Entered Level 1 of the Spider Nest
 28920 | Spider:1 | Noticed Louise
 28924 | Spider:1 | Killed Louise
 30367 | Spider:2 | Received a gift from Trog
 30772 | Spider:2 | Reached XP level 16. HP: 152/152 MP: 15/15
 31340 | Spider:3 | Received a gift from Trog
 31542 | Spider:3 | Noticed Mara
 32016 | Spider:3 | Reached skill level 15 in Armour
 32757 | Spider:3 | Noticed Loge's illusion
 32773 | Spider:3 | HP: 10/232 [Mara/bolt of fire (47)]
 32777 | Spider:3 | HP: 2/232 [jumping spider (5)]
 32780 | Spider:3 | Killed from afar by Mara (illusionary)

Skill      XL: |  1  2  3  4  5  6  7  8  9 10 11 12 13 14 15 16 |
---------------+-------------------------------------------------+-----
Axes           | 4 5 6 9 11 13 14 15 17 18 | 18.0
Fighting       | 4 5 6 7 8 9 11 12 13 14 16 17 | 17.2
Armour         | 3 4 6 8 9 10 11 12 13 14 15 | 15.1
Dodging        | 3 4 5 6 7 8 9 10 11 12 13 14 | 14.0
Shields        | 4 7 9 11 | 11.7

Action                   |  1- 3 |  4- 6 |  7- 9 | 10-12 | 13-15 | 16-18 || total
-------------------------+-------+-------+-------+-------+-------+-------++-------
Melee: Hand axe          |    37 |    47 |       |       |       |       ||    84
       Headbutt          |     4 |    14 |    44 |   126 |   304 |    64 ||   556
       War axe           |       |    71 |   130 |       |       |       ||   201
       Battleaxe         |       |       |    79 |    92 |       |       ||   171
       Broad axe         |       |       |       |   440 |  1150 |   198 ||  1788
       Unarmed           |       |       |       |       |    16 |       ||    16
 Fire: Blowgun           |       |       |       |    10 |       |       ||    10
Invok: Berserk           |     1 |     3 |     4 |     4 |     6 |     1 ||    19
       Trog's Hand       |       |       |       |     1 |     1 |     1 ||     3
       Brothers in Arms  |       |       |       |     3 |     2 |       ||     5
       Burn Spellbooks   |       |       |       |       |       |     1 ||     1
Evoke: Wand              |       |       |       |       |       |     2 ||     2
  Use: Scroll            |       |       |     8 |    11 |    16 |     1 ||    36
       Potion            |       |       |     2 |     1 |     1 |     3 ||     7
 Stab: Sleeping          |     1 |       |       |       |       |       ||     1
       Distracted        |       |       |       |     1 |       |       ||     1
       Held in net/web   |       |       |       |       |       |     1 ||     1
  Eat: Chunk             |       |     8 |    15 |    35 |    40 |     1 ||    99
       Ration            |       |       |     1 |     2 |     3 |     2 ||     8
Armor: Animal skin       |     1 |       |       |       |       |       ||     1
       Ring mail         |    11 |    43 |    25 |       |       |       ||    79
       Chain mail        |       |       |    50 |    23 |       |       ||    73
       Plate armour      |       |       |       |   292 |   416 |    53 ||   761
Dodge: Dodged            |    20 |    74 |   120 |   249 |   372 |    80 ||   915
Block: Large shield      |       |       |       |   164 |  1085 |   208 ||  1457
